 Dungeon Crawl Stone Soup version 0.29-a0-322-g68df515428 (webtiles) character file.

Game seed: 13965139831775920486

522 kae the Ogre Mage (level 7, -1/59 HPs)
             Began as an Ogre Air Elementalist on Apr 9, 2022.
             Slain by a black bear (6 damage)
             ... on level 4 of the Dungeon.
             The game lasted 00:03:28 (6337 turns).

kae the Ogre Mage (Ogre Air Elementalist)           Turns: 6337, Time: 00:03:28

Health: -1/59      AC:  3    Str: 13    XL:     7   Next: 22%
Magic:  1/13       EV: 10    Int: 18    God:
Gold:   258        SH:  0    Dex:  9    Spells: 11/14 levels left

rFire   . . .      SeeInvis .   d - +1 whip
rCold   . . .      Faith    .   (no shield)
rNeg    . . .      Spirit   .   a - +0 robe
rPois   .          Reflect  .   (helmet restricted)
rElec   .          Harm     .   (no cloak)
rCorr   .          Rampage  .   (gloves unavailable)
Will    .....                   (boots unavailable)
Stlth   ++........              (no amulet)
HPRegen 0.19/turn               (no ring)
MPRegen 0.13/turn               (no ring)

@: very slightly contaminated
A: large, unfitting armour, tough skin 1
a: no special abilities


You were on level 4 of the Dungeon.
You visited 1 branch of the dungeon, and saw 4 of its levels.
You also visited: Sewer.

You collected 258 gold pieces.

Inventory:

Hand Weapons
 d - a +1 whip (weapon)
Armour
 a - a +0 robe (worn)
Magical Staves
 p - a staff of fire
Scrolls
 b - 3 scrolls of teleportation
 c - 5 scrolls of fear
 g - 2 scrolls of fog
 q - a scroll of identify
 r - a scroll of immolation {unknown}
Potions
 e - 3 potions of resistance
 f - a potion of might
 h - 3 potions of cancellation
 i - 2 potions of attraction
 k - a potion of flight
 l - a potion of lignification
 m - 2 potions of mutation {unknown}
 n - 2 potions of haste
 o - 3 potions of curing {unknown}


   Skills:
 + Level 3.4 Dodging
 + Level 3.0 Stealth
 + Level 4.3 Spellcasting
 + Level 2.9 Conjurations
 + Level 4.0 Air Magic


You had 11 spell levels left.
You knew the following spells:

 Your Spells              Type           Power      Damage    Failure   Level
a - Shock                 Conj/Air       64%        1d7       3%          1
b - Static Discharge      Conj/Air       16%        N/A       5%          2

Your spell library contained the following spells:

 Spells                   Type           Power      Damage    Failure   Level
 Swiftness                Air            18%        N/A       9%          3
 Summon Small Mammal      Summ           12%        N/A       14%         1
 Airstrike                Air            9%         N/A       26%         4
 Call Canine Familiar     Summ           3%         N/A       38%         3
 Summon Guardian Golem    Hex/Summ       3%         N/A       38%         3


Dungeon Overview and Level Annotations

Branches:
Dungeon (4/15)             Temple (0/1) D:4           Sewer (visited)

Altars:
Cheibriados
Elyvilon
Hepliaklqana
Sif Muna
Uskayaw

Annotations:
D:2 Sigmund


Innate Abilities, Weirdness & Mutations

You are too large for most types of armour.
You have tough skin. (AC +1)


Message History

The black bear is almost dead.
You are struck by an arc of lightning.
* * * LOW HITPOINT WARNING * * *
The lightning grounds out.
The black bear goes berserk!
The black bear bites you!
* * * LOW HITPOINT WARNING * * *
The black bear barely misses you. x2
Casting: Static Discharge (safe; 5% risk of failure)
Confirm with . or Enter, or press ? or * to list all spells.
You miscast Static Discharge.
Nothing appears to happen.
The black bear closely misses you. The black bear claws you.
* * * LOW HITPOINT WARNING * * *
The black bear claws you but does no damage.
The black bear bites you.
* * * LOW HITPOINT WARNING * * *
The black bear claws you but does no damage. x2
Casting: Static Discharge (safe; 5% risk of failure)
Confirm with . or Enter, or press ? or * to list all spells.
You don't have enough magic to cast this spell.
Casting: Static Discharge (safe; 5% risk of failure)
Confirm with . or Enter, or press ? or * to list all spells.
You don't have enough magic to cast this spell.
You feel much better. The black bear bites you. The black bear claws you.
The black bear claws you but does no damage.
You hit the black bear.
The black bear is almost dead.
The black bear bites you!
* * * LOW HITPOINT WARNING * * *
The black bear closely misses you. The black bear barely misses you. x2
The black bear closely misses you.
The black bear claws you but does no damage.
You hit the black bear.
The black bear is almost dead.
The black bear barely misses you. The black bear closely misses you.
The black bear claws you.
* * * LOW HITPOINT WARNING * * *
The black bear bites you but does no damage.
The black bear claws you but does no damage.
The black bear claws you.
You die...

...<.....#........##
....#............####...
..))#......#.#....#.....
......##...###..........
.....##.....#...........
#....###................
###).# .....##.##.......
# #..###....#...#......#
###..#........>.@h.....#
..........#.#...#.#....#
............##.###.. ##.
................# ....
###..........#..# ....#
#####.........# #...#
#.......### ####
#.......# ####....#


You could see a black bear (berserk).

Vanquished Creatures
  A water moccasin (Sewer)
  An ogre (D:4)
  A necrophage (D:4)
  A jelly (D:2)
  A hound (D:4)
  2 orc wizards (D:4)
  An adder (D:2)
  4 gnolls (D:4)
  A river rat (D:4)
  3 dart slugs
  7 orcs
  6 endoplasms
  A giant cockroach (D:4)
  6 goblins
  8 hobgoblins
  12 jackals
  3 quokkas
  5 ball pythons
  7 bats
  6 frilled lizards
  8 kobolds
  10 rats
95 creatures vanquished.

Vanquished Creatures (others)
  A fungus (D:1)
  8 plants (D:4)
9 creatures vanquished.

Grand Total: 104 creatures vanquished

Notes
Turn   | Place    | Note
-------+----------+-------------------------------------------
     0 | D:1      | kae the Ogre Air Elementalist began the quest for the Orb.
     0 | D:1      | Reached XP level 1. HP: 16/16 MP: 3/3
   107 | D:1      | Reached skill level 1 in Conjurations
   280 | D:1      | Reached XP level 2. HP: 24/24 MP: 3/5
   310 | D:1      | Found a faded altar of an unknown god.
  1323 | D:2      | Reached XP level 3. HP: 31/31 MP: 4/7
  1333 | D:2      | Learned a level 2 spell: Static Discharge
  1554 | D:2      | Noticed Sigmund
  2036 | D:2      | Reached XP level 4. HP: 3/39 MP: 3/8
  3582 | D:3      | Found a shimmering blue altar of Sif Muna.
  4114 | D:4      | Noticed a necrophage
  4131 | D:4      | Killed a necrophage
  4132 | D:4      | Reached XP level 5. HP: 22/45 MP: 1/10
  4513 | D:4      | Found a hazy altar of Hepliaklqana.
  4513 | D:4      | Found a faded altar of an unknown god.
  4519 | D:4      | Found a white marble altar of Elyvilon.
  4521 | D:4      | Found a faded altar of an unknown god.
  4523 | D:4      | Found a hide-covered altar of Uskayaw.
  4614 | D:4      | Reached XP level 6. HP: 49/53 MP: 8/11
  4645 | D:4      | Found a glowing drain.
  4671 | Sewer    | Entered a sewer
  4838 | Sewer    | Noticed a water moccasin
  4847 | Sewer    | Killed a water moccasin
  5685 | D:4      | Reached XP level 7. HP: 8/59 MP: 1/13
  5688 | D:4      | Found a snail-covered altar of Cheibriados.
  6315 | D:4      | Found a staircase to the Ecumenical Temple.
  6337 | D:4      | Slain by a black bear

Illustrated notes

Levels and vault maps discovered:
D:1:      ebering_trefoil_3fold, layout_basic, shapermc_ecumenical_altar_ellora
D:2:      layout_basic, uniq_sigmund
D:3:      layout_basic, led_sif_pool
D:4:      layout_cave_pools, nemelex_diamond_rough_becter, cheibriados_altar_1,
          mainiacjoe_overflow_tiny_flanked, chequers_temple_overflow_minitemple,
          minmay_temple_entry_gardened_gates, gup_sewer_entry_bowl,
          minmay_statues_item, kennysheep_generic_room_4

Skill      XL: |  1  2  3  4  5  6  7 |
---------------+----------------------+-----
Conjurations   | 1 2 |  2.9
Dodging        | 2 3 |  3.4
Air Magic      | 3 4 |  4.0
Spellcasting   | 3 4 |  4.3
Stealth        | 2 3 |  3.0

Action                   |  1- 3 |  4- 6 |  7- 9 || total
-------------------------+-------+-------+-------++-------
Melee: Whip              |    76 |   132 |    10 ||   218
       Punch             |     1 |     2 |       ||     3
 Cast: Shock             |    31 |       |     7 ||    38
       Static Discharge  |     8 |    41 |    12 ||    61
  Use: Scroll            |     6 |     7 |       ||    13
       Potion            |     1 |     1 |     1 ||     3
 Stab: Sleeping          |       |     4 |       ||     4
Armor: Robe              |    34 |    52 |    17 ||   103
Dodge: Dodged            |    69 |   133 |    31 ||   233

Table legend: (Time is in decaauts)
 A = Elapsed time spent in this place.
 B = Non-inter-level travel time spent in this place.
 C = Inter-level travel time spent in this place.
 D = Time resting spent in this place.
 E = Time spent auto-exploring this place.
 F = Levels seen in this place.
 G = Mean time per level.
                   A        B        C        D        E       F      G
               +--------+--------+--------+--------+--------+-----+--------+
         Total |   6380 |   6122 |    258 |    321 |   5002 |   5 | 1276.0 |
       Dungeon |   5894 |   5636 |    258 |    321 |   4565 |   4 | 1473.5 |
         Sewer |    486 |    486 |      0 |      0 |    436 |   1 |  486.0 |
               +--------+--------+--------+--------+--------+-----+--------+

Top non-repeatable levels by time:
     D:4: 1621 daAuts
     D:3: 1615 daAuts
     D:2: 1367 daAuts
     D:1: 1290 daAuts
   Sewer: 486 daAuts
